 Dungeon Crawl Stone Soup version 0.28-b1-1-g3c77fb2ed1 (webtiles) character file.

Game seed: 8080981857638030259

282 Descartes the Digger (level 6, -5/30 (34) HPs)
             Began as a Deep Elf Wanderer on Jan 30, 2022.
             Slain by a wight (8 damage)
             ... on level 3 of the Dungeon.
             The game lasted 00:13:07 (4072 turns).

Descartes the Digger (Deep Elf Wanderer)            Turns: 4072, Time: 00:13:07

HP:   -5/30 (34)    AC:  4    Str:  9    XL:     6   Next: 6%
MP:   0/12          EV: 12    Int: 17    God:
Gold: 1023          SH:  0    Dex: 16    Spells: 1/10 levels left

rFire   . . .      SeeInvis .   a - +0 quarterstaff
rCold   . . .      Faith    .   (shield currently unavailable)
rNeg    . . .      Spirit   +   s - +2 robe {Will+}
rPois   .          Reflect  .   (no helmet)
rElec   .          Harm     .   (no cloak)
rCorr   .          Rampage  .   (no gloves)
Will    +....                   (no boots)
Stlth   ++........              m - amulet of guardian spirit
HPRegen 0.10/turn               j - ring of wizardry
MPRegen 0.13/turn               (no ring)

@: mighty, brilliant, heavily drained
A: no striking features
a: no special abilities


You were on level 3 of the Dungeon.
You visited 1 branch of the dungeon, and saw 4 of its levels.

You collected 1023 gold pieces.

Inventory:

Hand Weapons
 a - a +0 quarterstaff (weapon)
 o - a +2 dagger of venom
 u - a +1 whip of draining
Missiles
 c - 90 stones
 q - 3 javelins
 r - 2 boomerangs
Armour
 b - a +0 scale mail
 s - a +2 robe of willpower (worn)
Jewellery
 j - a ring of wizardry (left hand)
 m - an amulet of guardian spirit (around neck)
Scrolls
 d - a scroll of torment {unknown}
 f - a scroll of amnesia {unknown}
 h - a scroll of fog
 i - 2 scrolls of vulnerability
 l - 2 scrolls of enchant armour {unknown}
 n - 2 scrolls of magic mapping
 p - a scroll of blinking {unknown}
Potions
 e - a potion of flight


   Skills:
 - Level 1.0 Fighting
 + Level 3.0 Staves
 - Level 1.0 Throwing
 - Level 1.5 Armour
 + Level 1.4 Dodging
 - Level 1.2 Stealth
 + Level 2.8 Spellcasting
 + Level 3.4 Conjurations
 + Level 4.9 Earth Magic


You had one spell level left.
You knew the following spells:

 Your Spells              Type           Power      Damage    Failure   Level
a - Sandblast             Erth           56%        2d13      1%          1
b - Stone Arrow           Conj/Erth      48%        3d10      4%          3
c - Yara's Violent Unrav  Hex/Tmut       1%         3d3       86%         5

Your spell library contained the following spells:

 Spells                   Type           Power      Damage    Failure   Level
 Ensorcelled Hibernation  Hex/Ice        6%         N/A       11%         2
 Frozen Ramparts          Ice            6%         1d2       21%         3
 Spider Form              Tmut/Pois      3%         N/A       21%         3
 Tukima's Dance           Hex            3%         N/A       21%         3
 Animate Armour           Summ/Erth      32%        N/A       26%         4
 Petrify                  Tmut/Erth      16%        N/A       26%         4
 Anguish                  Hex/Necr       1%         N/A       54%         4
 Ice Form                 Ice/Tmut       3%         N/A       54%         4
 Passage of Golubria      Tloc           3%         N/A       54%         4
 Summon Ice Beast         Ice/Summ       3%         N/A       54%         4
 Lehudib's Crystal Spear  Conj/Erth      12%        10d4      100%        8


Dungeon Overview and Level Annotations

Branches:
Dungeon (4/15)
 Temple: D:4-7

Altars:
Trog

Shops:
D:1 *

Annotations:
D:4 Edmund


Message History

You feel clever all of a sudden.
Casting: Sandblast (safe; 1% risk of failure)
Confirm with . or Enter, or press ? or * to list all spells.
Okay, then.
Unknown command.
Casting: Sandblast (safe; 1% risk of failure)
Confirm with . or Enter, or press ? or * to list all spells.
Aiming: Stone Arrow (dangerous; 4% risk of failure)
Press: ? - help, Shift-Dir - straight line, f/p - wight
Aim: a wight, wielding a +0 mace of protection and wearing a +0 robe (71% to hit)
You feel a surge of power!
The stone arrow misses the wight.
The wight barely misses you. The wight barely misses you.
Found a robe.
There is a stone staircase leading up here.
The wight barely misses you.
You climb upwards.
There is a stone staircase leading down here.
You feel very mighty all of a sudden. The wight closely misses you.
You hit the wight.
The wight is lightly damaged.
The wight barely misses you.
You hit the wight.
The wight is moderately damaged.
The wight hits you with a +0 mace of protection!
* * * LOW HITPOINT WARNING * * *
You sock the wight!
The wight is almost destroyed.
The wight completely misses you.
You barely miss the wight.
The wight is almost destroyed.
The wight hits you with a +0 mace of protection.
* * * LOW HITPOINT WARNING * * *
You feel drained.
* * * LOW HITPOINT WARNING * * *
You hit the wight but do no damage.
The wight is almost destroyed.
The wight hits you with a +0 mace of protection!
You die...

####### #.....########
#............#
#............###
#...z........#.#
#...@..........#
#.............##
#.............###
#...............#
##.....#.........#
############....#######.....#
.>.......##....##....###....#
.........#....##.......##...#
.............##........)##..#


You could see a wight.

Vanquished Creatures
  A scorpion (D:4)
  A hound (D:2)
  A centaur skeleton (D:4)
  7 adders
  7 worms (D:3)
  2 dart slugs
  6 orcs
  6 ball pythons
  5 endoplasms
  2 giant cockroaches
  6 goblins
  7 hobgoblins
  3 jackals (D:2)
  3 quokkas
  7 bats
  4 frilled lizards
  6 kobolds
  9 rats
83 creatures vanquished.

Notes
Turn   | Place    | Note
-------+----------+-------------------------------------------
     0 | D:1      | Descartes the Deep Elf Wanderer began the quest for the
                  | Orb.
     0 | D:1      | Descartes set off with the following items: a +0
                  | quarterstaff, a +0 scale mail, 24 stones; and the following
                  | spell memorised: Sandblast; and the following spells
                  | available to memorise: Stone Arrow, Petrify
     0 | D:1      | Reached XP level 1. HP: 12/12 MP: 5/5
   182 | D:1      | Reached skill level 1 in Conjurations
   186 | D:1      | Reached XP level 2. HP: 16/16 MP: 6/6
   343 | D:1      | Found Gadgho's Assorted Antiques.
  1182 | D:2      | Reached XP level 3. HP: 20/20 MP: 7/7
  1244 | D:2      | HP: 1/20 [goblin (2)]
  1258 | D:2      | Reached skill level 4 in Earth Magic
  1611 | D:2      | Reached XP level 4. HP: 16/25 MP: 3/8
  2531 | D:3      | Reached XP level 5. HP: 29/29 MP: 8/10
  2863 | D:3      | Noticed a moth of wrath
  2866 | D:3      | Found a bloodstained altar of Trog.
  3463 | D:4      | Learned a level 3 spell: Stone Arrow
  3471 | D:4      | Reached skill level 1 in Dodging
  3522 | D:4      | Reached XP level 6. HP: 19/34 MP: 6/12
  3826 | D:4      | Noticed Edmund
  3828 | D:4      | Identified a scroll of acquirement
  3831 | D:4      | Acquired 861 gold pieces
  3927 | D:4      | Learned a level 5 spell: Yara's Violent Unravelling
  4072 | D:3      | Slain by a wight

Illustrated notes

Levels and vault maps discovered:
D:1:      dpeg_arrival_rooms_with_view, layout_basic, serial_shops,
          nicolae_shop_overgrown_old_shop,
          nicolae_concentric_dashed_squares_wild
D:2:      layout_basic
D:3:      layout_rooms, tgw_trog, minmay_misc_feat_tower
D:4:      layout_layer_cave, chequers_mini_garden, minmay_circle_x, uniq_edmund

Skill      XL: |  1  2  3  4  5 |
---------------+----------------+-----
Conjurations   | 1 2 3 |  3.4
Earth Magic    | 4 |  4.9
Staves         | 2 3 |  3.0
Spellcasting   | 2 |  2.8
Dodging        | 1 |  1.4
Fighting       | |  1.0
Throwing       | |  1.0
Armour         | |  1.5
Stealth        | |  1.2

Action                   |  1- 3 |  4- 6 || total
-------------------------+-------+-------++-------
Melee: Quarterstaff      |    86 |     8 ||    94
 Cast: Sandblast         |    14 |    86 ||   100
       Stone Arrow       |       |     1 ||     1
  Use: Potion            |     3 |     4 ||     7
       Scroll            |       |     6 ||     6
Armor: Scale mail        |    63 |     4 ||    67
       Robe              |       |     1 ||     1
Dodge: Dodged            |    46 |    19 ||    65
